 Seeded DCSS version 0.28-a0-1555-g9ae15a6949 (webtiles) character file.

Game seed: 11 (custom seed)

215291 knot the Executioner (level 18, -26/121 (124) HPs)
             Began as a Demonspawn Berserker on Jan 19, 2022.
             Was a High Priest of Trog.
             Annihilated by a vault warden (27 damage)
             ... on level 2 of the Vaults.
             The game lasted 01:25:16 (44115 turns).

knot the Executioner (Demonspawn Berserker)        Turns: 44115, Time: 01:25:19

HP:   -26/121 (124) AC: 40    Str: 17    XL:     18   Next: 32%
MP:   0/18          EV:  9    Int: 16    God:    Trog [*****.]
Gold: 1384          SH:  0    Dex: 16    Spells: 17/17 levels left

rFire   + . .      SeeInvis .   W - +5 executioner's axe (flame)
rCold   + . .      Faith    +   (shield currently unavailable)
rNeg    + . .      Spirit   +   B - +20 crystal plate armour of Sinokk {*Slow rPois rN+ Regen+}
rPois   +          Reflect  .   L - +1 hat {Will+}
rElec   .          Harm     .   m - scarf {rC+ rF+}
rCorr   .          Rampage  .   J - +0 pair of gloves of the Lost Path {rPois Dex+2 Slay+3}
Will    ++...                   f - +0 pair of boots "Riemin" {+Inv rPois}
Stlth   ..........              e - amulet of faith
HPRegen 1.10/turn               A - ring of the Prince of Darkness {Fly Stlth+}
MPRegen 0.32/turn               K - +4 ring of evasion

@: about to teleport, flying, lightly drained
A: powered by death 2, augmentation 1, magic shield, magic regeneration, sturdy
frame 2, weakness stinger 2, antennae 1, poison resistance
}: 1/15 runes: barnacled
a: Renounce Religion, Evoke Invisibility, Berserk, Trog's Hand, Brothers in Arms


You were on level 2 of the Vaults.
You worshipped Trog.
Trog was extremely pleased with you.
You visited 7 branches of the dungeon, and saw 31 of its levels.
You also visited: Sewer and Ice Cave.

You collected 3518 gold pieces.
You spent 2134 gold pieces at shops.

Inventory:

Hand Weapons
 W - a +5 executioner's axe of flaming (weapon)
Missiles
 c - 3 throwing nets
 d - 9 javelins
 k - 36 boomerangs (quivered)
 q - 8 atropa-tipped darts
 t - 2 datura-tipped darts
 w - 2 silver boomerangs
 y - 3 boomerangs of dispersal
 H - 33 poisoned darts
 I - 9 curare-tipped darts
 P - 4 silver javelins
Armour
 f - the +0 pair of boots "Riemin" (worn) {+Inv rPois}
   (You found it on level 7 of the Dungeon)

   rPois:     It protects you from poison.
   +Inv:      It lets you turn invisible.
 m - a scarf of resistance (worn)
 B - the +20 crystal plate armour of Sinokk (worn) {*Slow rPois rN+ Regen+}
   (You acquired it on level 5 of the Lair of Beasts)

   rPois:     It protects you from poison.
   rN:        It protects you from negative energy.
   Regen:     It increases your rate of health regeneration.
   *Slow:     It may slow you when you take damage.
 J - the +0 pair of gloves of the Lost Path (worn) {rPois Dex+2 Slay+3}
   (You found it on level 10 of the Dungeon)

   Dex:       It affects your dexterity (+2).
   Slay:      It affects your accuracy & damage with ranged weapons and melee
   (+3).
   rPois:     It protects you from poison.
 L - a +1 hat of willpower (worn)
 U - +0 fire dragon scales
Jewellery
 e - an amulet of faith (around neck)
 o - the ring "Ciegimp" {Contam rPois rC- rN+++ EV+4}
   (You found it on level 1 of the Vaults)

   [ring of evasion]

   EV:        It affects your evasion (+4).
   rC:        It makes you vulnerable to cold.
   rPois:     It protects you from poison.
   rN:        It renders you almost immune to negative energy.
   Contam:    It causes magical contamination when unequipped.
 A - the ring of the Prince of Darkness (left hand) {Fly Stlth+}
   (You found it in an ice cave)

   [ring of flight]

   Fly:       It grants you flight.
   Stlth:     It makes you more stealthy.
 C - the ring of Caypnevi {Ice Will+ Stlth+}
   (You found it on level 3 of the Shoals)

   [ring of ice]

   It enhances your ice magic.
   rF:        It makes you vulnerable to fire.
   rC:        It protects you from cold.
   Will:      It increases your willpower.
   Stlth:     It makes you more stealthy.
 K - a +4 ring of evasion (right hand)
 M - a ring of resist corrosion
 R - a ring of protection from cold
Wands
 x - a wand of digging (4)
 G - a wand of acid (19)
 Q - a wand of mindburst (30)
Scrolls
 i - 14 scrolls of teleportation
 p - 18 scrolls of identify
 s - a scroll of brand weapon
 E - 5 scrolls of fog
 S - a scroll of magic mapping
 V - 4 scrolls of fear
 Y - 2 scrolls of blinking
Potions
 b - 5 potions of berserk rage
 g - 3 potions of mutation
 h - a potion of attraction
 j - 4 potions of lignification
 l - 9 potions of curing
 n - 4 potions of magic
 r - 5 potions of cancellation
 u - 6 potions of flight
 v - 2 potions of invisibility
 z - 4 potions of haste
 F - 3 potions of resistance
 T - 7 potions of heal wounds
 X - 4 potions of might
Miscellaneous
 a - a box of beasts
 D - a lightning rod (4/4)
 N - a phantom mirror
 Z - a tin of tremorstones (2/2)


   Skills:
 - Level 6.3 Fighting
 + Level 24.3 Axes
 - Level 17.4 Throwing
 - Level 5.4 Armour
 - Level 1.7 Dodging


You had 17 spell levels left.
You didn't know any spells.
Your spell library contained the following spells:

 Spells                   Type           Power      Damage    Failure   Level
 Foxfire                  Conj/Fire      0%         2x1d4     100%        1
 Summon Small Mammal      Summ           0%         N/A       100%        1
 Blink                    Tloc           0%         N/A       100%        2
 Ensorcelled Hibernation  Hex/Ice        0%         N/A       100%        2
 Scorch                   Fire           0%         2d5       100%        2
 Sublimation of Blood     Necr           0%         N/A       100%        2
 Call Canine Familiar     Summ           0%         N/A       100%        3
 Confusing Touch          Hex            0%         N/A       100%        3
 Conjure Flame            Conj/Fire      0%         6-21      100%        3
 Frozen Ramparts          Ice            0%         1d2       100%        3
 Gell's Gravitas          Tloc           0%         N/A       100%        3
 Inner Flame              Hex/Fire       0%         N/A       100%        3
 Lesser Beckoning         Tloc           0%         N/A       100%        3
 Portal Projectile        Hex/Tloc       0%         N/A       100%        3
 Spider Form              Tmut/Pois      0%         N/A       100%        3
 Summon Guardian Golem    Hex/Summ       0%         N/A       100%        3
 Teleport Other           Tloc           0%         N/A       100%        3
 Anguish                  Hex/Necr       0%         N/A       100%        4
 Flame Wave               Conj/Fire      0%         2d4       100%        4
 Ice Form                 Ice/Tmut       0%         N/A       100%        4
 Petrify                  Tmut/Erth      0%         N/A       100%        4
 Summon Ice Beast         Ice/Summ       0%         N/A       100%        4
 Alistair's Intoxication  Tmut/Pois      0%         N/A       100%        5
 Blade Hands              Tmut           0%         N/A       100%        5
 Borgnjor's Vile Clutch   Necr/Erth      0%         N/A       100%        5
 Excruciating Wounds      Necr           0%         N/A       100%        5
 Fireball                 Conj/Fire      0%         3d3       100%        5
 Freezing Cloud           Conj/Ice/Air   0%         6-21      100%        5
 Irradiate                Conj/Tmut      0%         3d13      100%        5
 Iskenderun's Battlesphe  Conj           0%         2d6       100%        5
 Manifold Assault         Tloc           0%         N/A       100%        5
 Metabolic Englaciation   Hex/Ice        0%         N/A       100%        5
 Summon Forest            Summ/Tloc      0%         N/A       100%        5
 Yara's Violent Unravell  Hex/Tmut       0%         3d3       100%        5
 Conjure Ball Lightning   Conj/Air       0%         3x3d6     100%        6
 Dispersal                Tloc           0%         N/A       100%        6
 Eringya's Noxious Bog    Tmut/Pois      0%         N/A       100%        6
 Simulacrum               Ice/Necr       0%         N/A       100%        6
 Summon Cactus Giant      Summ           0%         N/A       100%        6
 Enfeeble                 Hex            0%         N/A       100%        7
 Orb of Destruction       Conj           0%         9d5       100%        7
 Storm Form               Tmut/Air       0%         N/A       100%        7
 Summon Hydra             Summ           0%         N/A       100%        7
 Ignition                 Fire           0%         3d3       100%        8
 Polar Vortex             Ice            0%         N/A       100%        9


Dungeon Overview and Level Annotations

Branches:
Dungeon (15/15)            Temple (1/1) D:7            Lair (6/6) D:11
 Shoals (4/4) Lair:3       Spider (1/4) Lair:3        Slime (0/5) Lair:5
    Orc (2/2) D:9             Elf (0/3) Orc:2        Vaults (2/5) D:13
 Depths (0/4) D:15          Sewer (visited)           IceCv (visited)
  Crypt: Vaults:2-3

Altars:
Ashenzari
Cheibriados
Dithmenos
Elyvilon
Fedhas
Gozag
Hepliaklqana
Kikubaaqudgha
Makhleb
Nemelex Xobeh
Okawaru
Qazlal
Ru
Sif Muna
Trog
Uskayaw
Vehumet
Wu Jian
Xom
Yredelemnul
Zin
The Shining One
Jiyva

Shops:
D:9 *   Orc:2 ([:*!   Shoals:2 [

Portals:
Pandemonium: Orc:2


Innate Abilities, Weirdness & Mutations

You regenerate health from kills.
Your magical and physical power is slightly enhanced at high health.
When hurt, damage is shared between your health and your magic reserves.
You regenerate magic rapidly.
Your movements are less encumbered by armour. (ER -4)
You have a tail ending in a sharp stinger.
You have a pair of small antennae on your head.
Your system is resistant to poisons. (rPois)


Message History

You hit the vault warden. You burn the vault warden.
The vault warden hits you with a +1 great sword of holy wrath!!
You convulse!
You hit the vault warden. You burn the vault warden.
The vault warden is lightly wounded.
You recover from your berserk rage.
You closely miss the vault warden.
The vault warden is lightly wounded.
The ironbound convoker casts a spell at the vault sentinel.
The vault sentinel seems to grow stronger.
The vault sentinel blows a loud note on a signal horn!
You hear a shout!
You hit the vault warden but do no damage.
The vault warden is lightly wounded.
The yaktaur wields a +0 arbalest.
The yaktaur shoots a bolt.
The bolt hits you but does no damage.
The vault warden hits you but does no damage.
You slice the vault warden!! You burn the vault warden!
The vault warden is heavily wounded.
You slash the ironbound convoker! You burn the ironbound convoker.
The vault sentinel blows a loud note on a signal horn!
The ironbound convoker hits you with a +0 great mace of draining!!
You partially resist.
You feel drained.
The vault warden hits you with a +1 great sword of holy wrath!!
You convulse!!
* * * LOW HITPOINT WARNING * * *
You hear a shout!
Your deep troll goes berserk!
The vault warden hits you with a +1 great sword of holy wrath!
* * * LOW HITPOINT WARNING * * *
You convulse!
* * * LOW HITPOINT WARNING * * *
As you read the scroll of teleportation, it crumbles to dust.
You feel strangely unstable.
The runic seals fade away.
The ironbound convoker hits you but does no damage.
You partially resist.
The vault warden hits you with a +1 great sword of holy wrath!!
* * * LOW HITPOINT WARNING * * *
You convulse!!
You die...

.'...#
.#....p..
.#####+## .#
.# ##
..#######{##
..+....p#..#
..+...T@pcp#
###....p#c.#
#.....#T.#
#.....# #
#######


You could see a vault warden (ally target), 2 vault sentinels, an ironbound
convoker, 2 yaktaurs and a friendly deep troll (summoned, berserk).

Vanquished Creatures
  Jorgrun (Shoals:3)
  A kraken (Shoals:4)
  Gastronok (D:12)
  A frost giant (IceCv)
  A vault warden (Vaults:1)
  A ghost moth (Spider:1)
  A ghoul (D:14)
  4 very ugly things (Vaults:1)
  4 ironbound preservers
  A stone giant (Vaults:2)
  2 ironbound thunderhulks (Vaults:1)
  An entropy weaver (Spider:1)
  A spark wasp (Spider:1)
  4 merfolk javelineers
  4 merfolk impalers
  3 fire dragons
  A great orb of eyes (Vaults:1)
  2 ettins
  4 hydras
  A yaktaur captain (Vaults:1)
  3 vault guards
  5 boulder beetles
  Erolcha (D:12)
  An ogre mage (D:10)
  A naga warrior (D:12)
  A radroach (Spider:1)
  4 catoblepae
  2 alligator snapping turtles
  A merfolk aquamancer (Shoals:1)
  3 merfolk avatars
  An ironbound frostheart (Vaults:1)
  3 centaur warriors
  3 demonspawn (Orc:2)
  Erica (Orc:1)
  5 two-headed ogres
  A satyr (Shoals:3)
  16 death yaks
  5 orc high priests (Orc:2)
  A tengu warrior (D:13)
  A deep elf knight (Spider:1)
  7 skeletal warriors
  A sun moth (Spider:1)
  A pharaoh ant (Spider:1)
  A sixfirhy (Orc:2)
  10 sea snakes
  A swamp dragon (Lair:6)
  A steelbarb worm (Spider:1)
  9 deep trolls
  An orb spider (Spider:1)
  A wizard (D:15)
  6 lindwurms
  6 orc knights
  A necromancer (D:15)
  6 ironbound convokers
  19 harpies
  7 wolf spiders
  9 orc sorcerers
  A wolf spider (shapeshifter) (D:10)
  9 cyclopes
  14 manticores
  3 fauns
  16 elephants
  14 ugly things
  3 moths of wrath (Spider:1)
  4 vault sentinels (Vaults:1)
  Maurice (D:10)
  10 merfolk sirens
  2 naga magi (D:15)
  An ice statue (IceCv)
  A black mamba (Lair:5)
  6 torpor snails
  5 water nymphs
  13 cane toads
  14 komodo dragons
  7 rime drakes
  3 demonic crawlers (Spider:1)
  A kobold demonologist (D:10)
  An efreet (D:14)
  A komodo dragon (shapeshifter) (D:11)
  A centaur skeleton (D:15)
  3 freezing wraiths
  A tengu conjurer (D:13)
  10 yaktaurs
  A guardian mummy (D:14)
  6 trolls
  33 merfolk
  13 polar bears
  8 wind drakes
  10 hornets
  3 tyrant leeches (Lair:6)
  14 slime creatures
  A wolf spider simulacrum (D:15)
  5 tarantellas (Spider:1)
  17 blink frogs
  4 dream sheep
  A meliai zombie (D:15)
  9 snapping turtles
  5 jumping spiders
  2 shadows
  66 yaks
  4 culicivoras (Spider:1)
  A vampire (D:13)
  6 water elementals
  4 wyverns
  7 basilisks
  3 wraiths
  Eustachio (D:4)
  A fire elemental (D:7)
  14 redbacks
  3 neqoxecs (Orc:2)
  3 steam dragons
  5 vampire mosquitoes
  4 wargs
  Menkaure (D:7)
  6 acid dragons
  9 water moccasins
  A hell hound (Spider:1)
  38 orc warriors
  A swamp drake (Lair:6)
  3 ice beasts
  4 black bears
  2 sky beasts (D:6)
  14 ogres
  20 wolves
  5 boggarts (Vaults:2)
  11 centaurs
  2 necrophages
  2 phantoms
  4 kobold brigands
  10 bullfrogs
  A wyvern zombie (D:5)
  3 scorpions
  6 gnoll sergeants
  2 wyvern skeletons (D:6)
  15 killer bees
  A wight (D:10)
  An electric eel (Lair:2)
  A howler monkey (D:9)
  9 centaur zombies
  3 jellies
  28 orc priests
  4 gnoll shamans
  3 hounds
  3 bullfrog skeletons
  3 iguanas
  22 orc wizards
  A killer bee zombie (D:7)
  A centaur simulacrum (D:10)
  2 human simulacra (D:14)
  A howler monkey zombie (D:6)
  A mummy (D:14)
  A howler monkey skeleton (D:6)
  4 adders
  15 gnolls
  7 river rats
  A worm (D:2)
  A dart slug (D:3)
  70 orcs
  6 endoplasms
  4 giant cockroaches
  4 goblins
  3 hobgoblins
  4 jackals
  2 quokkas
  10 ball pythons
  7 bats
  5 frilled lizards
  16 kobolds
  16 rats
  A plant (Shoals:3)
  4 tentacles (Shoals:4)
1009 creatures vanquished.

Vanquished Creatures (collateral kills)
  Saint Roka (Orc:2)
  Bai Suzhen (Shoals:3)
  2 dire elephants (Spider:1)
  2 merfolk impalers (Shoals:4)
  A hydra (Lair:6)
  A death yak (IceCv)
  A satyr (Shoals:4)
  An orc high priest (Orc:2)
  An orc knight (Orc:2)
  A deep elf archer (Spider:1)
  A cyclops (D:12)
  2 merfolk sirens (Shoals:4)
  2 water nymphs (Shoals:4)
  4 merfolk (Shoals:4)
  3 yaks (D:10)
  A redback (Lair:3)
  A warg (Orc:2)
  4 orc warriors (Orc:2)
  A centaur (D:6)
  2 killer bees (D:6)
  3 orc priests (Orc:2)
  2 orc wizards
  A howler monkey skeleton (D:6)
  A white imp (D:6)
  2 orcs (Orc:2)
42 creatures vanquished.

Vanquished Creatures (others)
  A culicivora (Spider:1)
  2 killer bees
  28 fungi
  74 plants
  4 tentacles (Shoals:4)
  4 withered plants (D:14)
113 creatures vanquished.

Grand Total: 1164 creatures vanquished

Notes
Turn   | Place    | Note
-------+----------+-------------------------------------------
     0 | D:1      | knot the Demonspawn Berserker began the quest for the Orb.
     0 | D:1      | Reached XP level 1. HP: 18/18 MP: 1/1
    50 | D:1      | Reached skill level 3 in Axes
    69 | D:1      | Gained mutation: You regenerate a little health from kills.
                  | [demonic ancestry]
    69 | D:1      | Reached XP level 2. HP: 16/24 MP: 2/2
   407 | D:1      | Found a faded altar of an unknown god.
   818 | D:2      | Reached skill level 1 in Throwing
   819 | D:2      | Gained mutation: Your movements are slightly less
                  | encumbered by armour. (ER -2) [demonic ancestry]
   819 | D:2      | Reached XP level 3. HP: 27/29 MP: 3/3
  1111 | D:2      | Reached ** piety under Trog
  1590 | D:2      | You fall into a shaft and drop 1 floor!
  1590 | D:3      | Found a bloodstained altar of Trog.
  1590 | D:3      | Found a shadowy altar of Dithmenos.
  1593 | D:3      | Found a basalt altar of Yredelemnul.
  1593 | D:3      | Found a radiant altar of Vehumet.
  1594 | D:3      | Found a burning altar of Makhleb.
  1600 | D:3      | Found a snail-covered altar of Cheibriados.
  1601 | D:3      | Found a broken altar of Ashenzari.
  1602 | D:3      | Found a sacrificial altar of Ru.
  1968 | D:3      | Found a glowing drain.
  2037 | Sewer    | Entered a sewer
  2199 | Sewer    | Reached XP level 4. HP: 35/35 MP: 4/4
  2240 | Sewer    | Reached skill level 4 in Axes
  2920 | Sewer    | Reached XP level 5. HP: 38/41 MP: 5/5
  3845 | D:4      | HP: 3/61 [gnoll (6)]
  3847 | D:4      | Gained mutation: You have a small tail. [demonic ancestry]
  3847 | D:4      | Reached XP level 6. HP: 5/47 MP: 6/6
  4405 | D:4      | Noticed Eustachio
  4408 | D:4      | Reached skill level 5 in Axes
  4901 | D:4      | Killed Eustachio
  5455 | D:5      | Entered Level 5 of the Dungeon
  5506 | D:5      | Gained mutation: You regenerate health from kills. [demonic
                  | ancestry]
  5506 | D:5      | Reached XP level 7. HP: 41/52 MP: 7/7
  5805 | D:5      | Reached skill level 6 in Axes
  5879 | D:5      | Reached skill level 5 in Throwing
  6901 | D:5      | Reached XP level 8. HP: 58/58 MP: 8/8
  7752 | D:6      | Reached skill level 7 in Axes
  8631 | D:6      | Reached skill level 8 in Axes
  9100 | D:6      | Gained mutation: You regenerate magic rapidly. [demonic
                  | ancestry]
  9100 | D:6      | Reached XP level 9. HP: 41/63 MP: 9/9
 10749 | D:7      | Found a transporter.
 10774 | D:7      | Paralysed by a hornet for 1 turns
 10777 | D:7      | Reached skill level 9 in Axes
 11216 | D:7      | Noticed Menkaure
 11247 | D:7      | Killed Menkaure
 11405 | D:7      | Found a transporter.
 11602 | D:7      | Found a staircase to the Ecumenical Temple.
 11611 | Temple   | Entered the Ecumenical Temple
 12047 | D:7      | Identified the +0 pair of boots "Riemin" {+Inv rPois}
 13286 | D:8      | Found an ancient bone altar of Kikubaaqudgha.
 13487 | D:8      | Found a hazy altar of Hepliaklqana.
 13658 | D:8      | Reached XP level 10. HP: 70/70 MP: 10/10
 13662 | D:8      | Reached skill level 10 in Axes
 14245 | D:8      | Found a hide-covered altar of Uskayaw.
 15392 | D:9      | Found a staircase to the Orcish Mines.
 15449 | D:9      | Reached skill level 10 in Throwing
 15750 | D:9      | Reached *** piety under Trog
 15838 | D:9      | Found Taakeir's General Store.
 16476 | D:10     | Entered Level 10 of the Dungeon
 16504 | D:10     | Identified the +0 pair of gloves of the Lost Path {rPois
                  | Dex+2 Slay+3}
 16539 | D:10     | Reached skill level 11 in Axes
 16764 | D:10     | Noticed a two-headed ogre
 16772 | D:10     | Killed a two-headed ogre
 17070 | D:10     | Gained mutation: When hurt, damage is shared between your
                  | health and your magic reserves. [demonic ancestry]
 17070 | D:10     | Reached XP level 11. HP: 75/75 MP: 11/11
 17072 | D:10     | Noticed Maurice
 17293 | D:10     | Noticed an ogre mage
 17306 | D:10     | Killed an ogre mage
 17672 | D:10     | Noticed a two-headed ogre
 17684 | D:10     | Killed a two-headed ogre
 17685 | D:10     | Reached skill level 12 in Axes
 17869 | D:10     | Identified the +7 spear "Uhapass" {vorpal, Int+4}
 17944 | D:10     | Killed Maurice
 18150 | D:10     | Noticed an orc knight
 18163 | D:10     | Killed an orc knight
 18413 | D:10     | Noticed a wolf spider
 18431 | D:10     | Killed a wolf spider
 18662 | D:10     | Noticed a green ugly thing
 18674 | D:10     | Killed a green ugly thing
 20278 | D:11     | Reached skill level 13 in Axes
 20516 | D:11     | Noticed a boulder beetle
 20606 | D:11     | Killed a boulder beetle
 20665 | D:11     | Gained mutation: Your movements are less encumbered by
                  | armour. (ER -4) [demonic ancestry]
 20665 | D:11     | Reached XP level 12. HP: 69/81 MP: 12/12
 20781 | D:11     | Found a staircase to the Lair.
 20956 | D:11     | Reached **** piety under Trog
 21348 | Lair:1   | Entered Level 1 of the Lair of Beasts
 21376 | Lair:1   | Found a frozen archway.
 21378 | Lair:1   | Noticed a death yak
 21378 | Lair:1   | Noticed a death yak
 21380 | Lair:1   | Noticed a death yak
 21383 | IceCv    | Entered an ice cave
 21776 | IceCv    | Identified the +2 ring mail of Peek-a-Boo {+Inv rCorr Str-4
                  | SInv}
 21826 | IceCv    | Reached skill level 14 in Axes
 22038 | IceCv    | Noticed a death yak
 22038 | IceCv    | Noticed a death yak
 22038 | IceCv    | Noticed a death yak
 22075 | IceCv    | Killed a death yak
 22087 | IceCv    | Killed a death yak
 22154 | IceCv    | Killed a death yak
 22415 | IceCv    | Noticed a death yak
 22415 | IceCv    | Noticed a frost giant
 22426 | IceCv    | Killed a death yak
 22440 | IceCv    | Killed a frost giant
 22502 | IceCv    | Got the Reference Book on Snow
 22504 | IceCv    | Identified the ring of the Prince of Darkness {Fly Stlth+}
 22601 | Lair:1   | Killed a death yak
 22602 | Lair:1   | Reached XP level 13. HP: 39/86 MP: 8/13
 23299 | Lair:1   | Reached skill level 15 in Axes
 24839 | Lair:2   | Reached skill level 15 in Throwing
 25283 | Lair:3   | HP: 6/129 [poisoned by a cane toad]
 25285 | Lair:3   | HP: 2/86 [poisoned by a cane toad]
 26421 | Lair:3   | Found a hole to the Spider Nest.
 26596 | Lair:3   | Reached skill level 16 in Axes
 26846 | Lair:3   | Found a staircase to the Shoals.
 27319 | Lair:4   | Reached XP level 14. HP: 93/93 MP: 14/14
 27808 | Lair:4   | Reached ***** piety under Trog
 28648 | Lair:4   | Received a gift from Trog
 29282 | Lair:5   | Found a viscous altar of Jiyva.
 29282 | Lair:5   | Found a staircase to the Slime Pits.
 29350 | Lair:5   | Identified a scroll of acquirement
 29350 | Lair:5   | Acquired the +20 crystal plate armour of Sinokk {*Slow
                  | rPois rN+ Regen+}
 29579 | Lair:6   | Entered Level 6 of the Lair of Beasts
 29730 | Lair:6   | Reached skill level 17 in Axes
 30320 | Lair:6   | Found a runed translucent door.
 30351 | Lair:6   | Paralysed by a hornet for 1 turns
 30480 | Lair:6   | Gained mutation: You have a tail ending in a sharp stinger.
                  | [demonic ancestry]
 30480 | Lair:6   | Reached XP level 15. HP: 88/98 MP: 11/15
 30689 | Lair:6   | Identified the +0 leather armour "Damnable Contraption"
                  | {Will+}
 31308 | Orc:1    | Entered Level 1 of the Orcish Mines
 31332 | Orc:1    | Noticed Erica
 31336 | Orc:1    | Received a gift from Trog
 31349 | Orc:1    | Killed Erica
 31711 | Orc:2    | Entered Level 2 of the Orcish Mines
 31836 | Orc:2    | Found a staircase to the Elven Halls.
 31838 | Orc:2    | Received a gift from Trog
 31843 | Orc:2    | Noticed Saint Roka
 32003 | Orc:2    | Killed Saint Roka
 32022 | Orc:2    | Reached skill level 18 in Axes
 32242 | Orc:2    | Found Saoge's Weapon Boutique.
 32377 | Orc:2    | Gained mutation: Armour fits poorly on your strangely
                  | shaped body. [a neqoxec]
 32398 | Orc:2    | Lost mutation: Armour fits poorly on your strangely shaped
                  | body. [potion of mutation]
 32398 | Orc:2    | Gained mutation: Your mind is acute. (Int +2) [potion of
                  | mutation]
 32398 | Orc:2    | Gained mutation: Your system is resistant to poisons.
                  | (rPois) [potion of mutation]
 32410 | Orc:2    | Received a gift from Trog
 32575 | Orc:2    | Found Mionir's General Store.
 32580 | Orc:2    | Found Unimeel's Distillery.
 32596 | Orc:2    | Lost mutation: Your mind is acute. (Int +2) [a neqoxec]
 32610 | Orc:2    | Gained mutation: You have a pair of small antennae on your
                  | head. [a neqoxec]
 32662 | Orc:2    | Bought a +4 ring of evasion for 468 gold pieces
 32666 | Orc:2    | Bought a potion of cancellation for 112 gold pieces
 32666 | Orc:2    | Bought a potion of cancellation for 112 gold pieces
 32666 | Orc:2    | Bought 2 potions of heal wounds for 140 gold pieces
 32666 | Orc:2    | Bought a potion of might for 56 gold pieces
 32666 | Orc:2    | Bought a potion of curing for 42 gold pieces
 32666 | Orc:2    | Bought a potion of resistance for 140 gold pieces
 32715 | Orc:2    | Received a gift from Trog
 32716 | Orc:2    | Reached skill level 5 in Fighting
 32984 | Orc:2    | Found Foibidgh's Book Shoppe.
 32984 | Orc:2    | Found Guhyig's Antique Armour Emporium.
 32985 | Orc:2    | Found a one-way gate leading to the halls of Pandemonium.
 33269 | D:12     | Noticed Erolcha
 33275 | D:12     | Killed Erolcha
 33276 | D:12     | Reached skill level 5 in Armour
 33406 | D:12     | Found a large runed translucent door.
 33407 | D:12     | Found a large runed translucent door.
 33475 | D:12     | Noticed Gastronok
 33489 | D:12     | Killed Gastronok
 33550 | D:12     | Found an iron altar of Okawaru.
 33739 | D:12     | Found an iron altar of Okawaru.
 33739 | D:12     | Found an iron altar of Okawaru.
 34290 | D:13     | Reached XP level 16. HP: 100/113 MP: 10/16
 34303 | D:13     | Reached skill level 19 in Axes
 34443 | D:13     | Found a gate to the Vaults.
 35307 | D:15     | Entered Level 15 of the Dungeon
 35353 | D:15     | Received a gift from Trog
 35849 | D:15     | Reached skill level 20 in Axes
 35861 | D:15     | Found a staircase to the Depths.
 36123 | Spider:1 | Entered Level 1 of the Spider Nest
 36620 | Spider:1 | Received a gift from Trog
 37759 | Shoals:1 | Entered Level 1 of the Shoals
 37785 | Shoals:1 | Reached skill level 21 in Axes
 38304 | Shoals:1 | Gained mutation: Your magical and physical power is
                  | slightly enhanced at high health. [demonic ancestry]
 38304 | Shoals:1 | Reached XP level 17. HP: 118/118 MP: 17/17
 39018 | Shoals:2 | Received a gift from Trog
 39092 | Shoals:2 | Found Puudwum's Antique Armour Shoppe.
 39100 | Shoals:2 | Bought a faintly humming plate armour for 1064 gold pieces
 39100 | Shoals:2 | Identified the +7 plate armour of Immyrips {Drain Str+4
                  | Int+3 Stlth+} (You bought it in a shop on level 2 of the
                  | Shoals)
 39503 | Shoals:3 | Reached skill level 22 in Axes
 39737 | Shoals:3 | Noticed Jorgrun
 39762 | Shoals:3 | Killed Jorgrun
 39791 | Shoals:3 | Found a shimmering altar of Xom.
 39856 | Shoals:3 | Noticed Bai Suzhen
 39875 | Shoals:3 | Killed Bai Suzhen
 40156 | Shoals:3 | Identified the ring of Caypnevi {Ice Will+ Stlth+}
 40390 | Shoals:4 | Entered Level 4 of the Shoals
 40496 | Shoals:4 | Identified the +8 battleaxe "Icibb" {vorpal, rElec Will+}
 40743 | Shoals:4 | Found a runed translucent door.
 40984 | Shoals:4 | Reached ****** piety under Trog
 41176 | Shoals:4 | Got a barnacled rune of Zot
 41615 | Shoals:4 | Got Zaxzi's Guide on the Blaze
 41624 | Shoals:4 | Received a gift from Trog
 41651 | Shoals:4 | Reached skill level 23 in Axes
 41941 | Shoals:4 | Noticed a kraken
 41952 | Shoals:4 | Killed a kraken
 42523 | Vaults:1 | Entered Level 1 of the Vaults
 42862 | Vaults:1 | Reached XP level 18. HP: 122/124 MP: 18/18
 42929 | Vaults:1 | Identified the ring "Ciegimp" {Contam rPois rC- rN+++ EV+4}
 43247 | Vaults:1 | Reached skill level 24 in Axes
 44115 | Vaults:2 | HP: 1/121 [vault warden (18)]
 44115 | Vaults:2 | Annihilated by a vault warden

Illustrated notes

Levels and vault maps discovered:
D:1:      minmay_arrival_nine_rooms, layout_rooms, basic_ecumenical_altar
D:2:      layout_basic
D:3:      layout_loops_ring, minitemple, portal_sewer_entry_b,
          lemuel_old_faithful
D:4:      layout_basic, uniq_eustachio
D:5:      layout_layer_cave, minivault_24
D:6:      minmay_chambers_of_threes, layout_basic
D:7:      gammafunk_cloud_chamber, layout_loops_cross, lemuel_temple_firewalk_b,
          uniq_menkaure
D:8:      minmay_flawed_box, layout_basic, lemuel_coloured_pillars_altar,
          grunt_temple_overflow_open, serial_aquarium,
          aquarium_bridge_island_small [aquarium_subvault_small_water,
          aquarium_subvault_balcony, aquarium_subvault_balcony,
          aquarium_subvault_bridge, aquarium_subvault_wall],
          aquarium_window_fake, aquarium_window_fake, aquarium_window_fake,
          aquarium_view_2c, aquarium_view_2g, aquarium_pool_double
D:9:      minmay_general_purpose_star, layout_loops_ring,
          kennysheep_orc_monster_closet_entryway, serial_shops,
          nicolae_shop_crystal, minmay_misc_feat_nine_boxes,
          hangedman_decor_points
D:10:     minmay_the_grid_net [minmay_the_grid_outer_diamond,
          minmay_the_grid_minigrid_medium, minmay_the_grid_spikes,
          minmay_the_grid_slots, minmay_the_grid_small_cups,
          minmay_the_grid_prize_inner_circle], layout_stronghold, uniq_maurice
D:11:     layout_roguey, david_lair_generic
D:12:     okawaru_arena_lexackson, layout_gridville, okawaru_ov_weapons_minmay,
          uniq_gastronok, uniq_erolcha
D:13:     layout_rooms, david_vaults_5, minmay_misc_feat_five
D:14:     layout_irregular_city, minmay_misc_feat_roman, serial_undead,
          serial_undead_b, serial_undead_e, serial_undead_c, serial_undead_f,
          bh_circular_ruins
D:15:     grunt_enter_depths_magical_seal, layout_long_grid
Temple:   zaba_magenta_temple
Lair:1:   layout_small_grid, portal_ice_cave_rime
Lair:2:   layout_regular_city, chequers_serial_rivers_micro_b,
          nicolae_lair_grazing_beasts [nicolae_sub_lair_graze_edge,
          nicolae_sub_lair_graze_edge, nicolae_sub_lair_graze_edge,
          nicolae_sub_lair_graze_edge], lemuel_fruit_tree, wad_woods_river_01,
          infiniplex_staircase_pool_2
Lair:3:   layout_regular_city, elwin_shoals_entry_rooms,
          spider_nest_entry_funnel_web, grunt_megastairs_1
Lair:4:   beast_lair_carwin_large_1, layout_gridlike, nzn_random_ring
Lair:5:   layout_regular_city, dpeg_slime_entry_enclosed_altar
Lair:6:   wormcave, layout_loops_ring, guppyfry_lair_end_dragon,
          grunt_megastairs_2, infiniplex_staircase_pool, serial_bayou_shore_b
Shoals:1: layout_shoals
Shoals:2: layout_shoals, serial_shops, shop
Shoals:3: layout_shoals, lemuel_altar_in_water, overgrown_hall, uniq_jorgrun,
          uniq_bai_suzhen
Shoals:4: shoals_end_hangedman, layout_shoals, lightli_airlock
Spider:1: layout_spider_delve, beargit_elvish_explorers
Orc:1:    layout_caves, uniq_erica
Orc:2:    pf_orc_diabolical, layout_caves, serial_shops,
          nicolae_shop_bloodbath_and_beyond, uniq_saint_roka
Vaults:1: grunt_vaults_hallway_short, nicolae_vaults_back_hallway, v_misc_14,
          nicolae_vaults_little_squares_1, nicolae_vaults_network_barrier,
          ontoclasm_vaults_gateway, hangedman_vaults_slice,
          layout_vaults_chaotic_city
Vaults:2: v_misc_3, v_misc_2, vaults_standard_mumra_x, vaults_room_grid,
          vaults_room_fours, nicolae_vaults_network_periphery, v_rooms_5,
          vaults_mumra_lcd, nicolae_vaults_branching_niches, vaults_room_pools,
          nicolae_vaults_theta, ontoclasm_vaults_loading_screen,
          grunt_vaults_hallway_short, nicolae_vaults_little_squares_1,
          layout_vaults_maze, uniq_sojobo

Skill      XL: |  1  2  3  4  5  6  7  8  9 10 11 12 13 14 15 16 17 18 |
---------------+-------------------------------------------------------+-----
Axes           | 3 4 5 6 8 9 11 13 14 16 17 18 21 23 24 | 24.3
Throwing       | 1 2 3 4 5 7 9 10 12 14 15 17 | 17.4
Armour         | 5 |  5.4
Fighting       | 6 |  6.3
Dodging        | |  1.7

Action                   |  1- 3 |  4- 6 |  7- 9 | 10-12 | 13-15 | 16-18 || total
-------------------------+-------+-------+-------+-------+-------+-------++-------
Melee: Hand axe          |   130 |   126 |   307 |   129 |       |       ||   692
       Punch             |     3 |     2 |     3 |     5 |       |       ||    13
       Tailslap          |       |     3 |    38 |    96 |   175 |   187 ||   499
       War axe           |       |       |       |   300 |       |       ||   300
       Battleaxe         |       |       |       |   149 |   918 |       ||  1067
       Executioner's axe |       |       |       |       |    94 |   982 ||  1076
Throw: Boomerang         |       |     9 |    62 |    22 |    55 |    33 ||   181
       Dart              |       |       |       |    56 |    14 |       ||    70
       Javelin           |       |       |       |       |     7 |       ||     7
Invok: Berserk           |     4 |     7 |    15 |    16 |    18 |     8 ||    68
       Trog's Hand       |       |       |     1 |     1 |     2 |       ||     4
       Brothers in Arms  |       |       |       |     1 |     9 |    10 ||    20
 Abil: Evoke Invisibilit |       |       |       |     3 |       |       ||     3
Evoke: Wand              |       |       |     6 |     5 |     2 |       ||    13
  Use: Scroll            |     2 |     1 |    16 |    10 |     4 |    12 ||    45
       Potion            |       |       |     4 |     2 |     6 |       ||    12
 Stab: Sleeping          |       |     2 |       |       |       |       ||     2
       Distracted        |       |       |     1 |       |     1 |       ||     2
       Invisible         |       |       |       |    13 |       |       ||    13
       Petrified         |       |       |       |       |     5 |       ||     5
Armor: Animal skin       |    24 |    11 |    27 |       |       |       ||    62
       Crystal plate arm |       |       |   180 |   473 |   621 |   886 ||  2160
       Ice dragon scales |       |       |       |    84 |   107 |       ||   191
Dodge: Dodged            |   106 |    62 |   128 |   172 |   421 |   467 ||  1356

Table legend: (Time is in decaauts)
 A = Elapsed time spent in this place.
 B = Non-inter-level travel time spent in this place.
 C = Inter-level travel time spent in this place.
 D = Time resting spent in this place.
 E = Time spent auto-exploring this place.
 F = Levels seen in this place.
 G = Mean time per level.
                   A        B        C        D        E       F      G
               +--------+--------+--------+--------+--------+-----+--------+
         Total |  44482 |  42829 |   1653 |  14126 |  22172 |  33 | 1347.9 |
       Dungeon |  23779 |  22862 |    917 |   9340 |  10783 |  15 | 1585.3 |
        Temple |     73 |     54 |     19 |      0 |     50 |   1 |   73.0 |
          Lair |   9149 |   8655 |    494 |   1795 |   5606 |   6 | 1524.8 |
        Shoals |   4514 |   4390 |    124 |    806 |   2557 |   4 | 1128.5 |
   Spider Nest |   1418 |   1415 |      3 |    643 |    500 |   1 | 1418.0 |
  Orcish Mines |   1847 |   1796 |     51 |    389 |    910 |   2 |  923.5 |
        Vaults |   1315 |   1273 |     42 |     62 |    994 |   2 |  657.5 |
         Sewer |   1174 |   1174 |      0 |    694 |    284 |   1 | 1174.0 |
      Ice Cave |   1210 |   1210 |      0 |    394 |    486 |   1 | 1210.0 |
               +--------+--------+--------+--------+--------+-----+--------+

Top non-repeatable levels by time:
    D:10: 3153 daAuts
     D:7: 3129 daAuts
     D:6: 2403 daAuts
     D:4: 2341 daAuts
  Lair:3: 2135 daAuts
    D:11: 1886 daAuts
     D:8: 1880 daAuts
Shoals:4: 1877 daAuts
     D:5: 1867 daAuts
  Lair:4: 1778 daAuts
  Lair:1: 1646 daAuts
  Lair:6: 1536 daAuts
     D:9: 1495 daAuts
Spider:1: 1418 daAuts
   Orc:2: 1288 daAuts
